 Dungeon Crawl Stone Soup version 0.30-a0-141-g30f27751c5 (webtiles) character file.

Game seed: 7103265932167430010

86 Lolow the Trooper (level 4, -3/29 HPs)
             Began as a Gargoyle Monk on Sept 25, 2022.
             Was a Priest of Zin.
             Slain by a gnoll
             ... wielding a +0 whip
              (6 damage)
             ... on level 3 of the Dungeon.
             The game lasted 00:14:12 (2710 turns).

Lolow the Trooper (Gargoyle Monk)                   Turns: 2710, Time: 00:14:13

Health: -3/29      AC:  6    Str: 14    XL:     4   Next: 50%
Magic:  0/4        EV: 12    Int: 13    God:    Zin [***...]
Gold:   86         SH:  0    Dex: 12    Spells: 0/3 levels left

rFire   . . .      SeeInvis .    a - +0 mace
rCold   . . .      Faith    .    p - orb {*Rage}
rNeg    + . .      Spirit   +    f - +0 leather armour
rPois   ∞          Reflect  .    (no helmet)
rElec   +          Harm     .    (no cloak)
rCorr   .          Rampage  .    (no gloves)
Will    .....      Rage     20%  (no boots)
Stlth   ++........               j - amulet of guardian spirit
HPRegen 0.09/turn                (no ring)
MPRegen 0.09/turn                (no ring)

@: brilliant
A: sickness immunity, AC +3, negative energy resistance 1, electricity
resistance, torment resistance 1, petrification resistance
a: Renounce Religion, Recite, Vitalisation, Imprison, Donate Gold


You were on level 3 of the Dungeon.
You worshipped Zin.
Zin was most pleased with you.
You visited 1 branch of the dungeon, and saw 3 of its levels.

You collected 102 gold pieces.
You donated 16 gold pieces to Zin.

Inventory:

Hand Weapons
 a - a +0 mace (weapon)
 d - a +0 dagger
Missiles
 n - 13 stones (quivered)
Armour
 b - a +0 robe
 f - a +0 leather armour (worn)
 i - a +0 chain mail
 p - an orb of wrath (worn)
Jewellery
 j - an amulet of guardian spirit (around neck)
 l - an amulet of guardian spirit
Scrolls
 h - 3 scrolls of teleportation {unknown}
 k - a scroll of enchant armour {unknown}
 m - a scroll of noise {unknown}
Potions
 g - a potion of brilliance
 o - a potion of lignification {unknown}


   Skills:
 + Level 4.3 Fighting
 + Level 3.5 Maces & Flails
 + Level 1.5 Armour
 + Level 2.6 Dodging
 + Level 2.4 Stealth
 + Level 0.3 Spellcasting
 + Level 0.7 Conjurations


You couldn't memorise any spells.
You knew the following spells:

 Your Spells              Type           Power      Damage    Failure   Level
a - Magic Dart            Conj           12%        1d3       26%         1
b - Searing Ray           Conj           6%         2d4       38%         2

Your spell library contained the following spells:

 Spells                   Type           Power      Damage    Failure   Level
 Tukima's Dance           Hex            0%         N/A       73%         3
 Fulminant Prism          Conj/Hex       0%         3d6       97%         4
 Passage of Golubria      Tloc           0%         N/A       98%         4
 Summon Lightning Spire   Summ/Air       0%         N/A       98%         4
 Yara's Violent Unravell  Hex/Tmut       0%         3d3       100%        5
 Storm Form               Tmut/Air       0%         N/A       100%        7
 Maxwell's Capacitive Co  Air            0%         ∞         100%        8


Dungeon Overview and Level Annotations

Branches:
Dungeon (3/15)

Altars:
Zin


Innate Abilities, Weirdness & Mutations

You are immune to sickness and miasma.
Your stone body is resilient. (AC +3)
You are immune to poison.
You resist negative energy. (rN+)
You are resistant to electric shocks. (rElec)
You are resistant to unholy torment.
You are immune to petrification.


Message History

The spell is quite dangerous to miscast (38% risk of failure)!
Continue anyway?
Aiming: Searing Ray (quite dangerous; 38% risk of failure)
Press: ? - help, Shift-Dir - straight line, f - gnoll
Aim: a gnoll, wielding a +0 spear (77% to hit)
The searing ray hits the gnoll.
The gnoll is moderately wounded. (Press . to maintain the ray.)
The searing ray misses the gnoll.
The gnoll closely misses you.
You hit the gnoll.
The gnoll is moderately wounded.
The gnoll misses you. The gnoll hits you with a +0 club.
You barely miss the gnoll.
The gnoll is moderately wounded.
The gnoll hits you but does no damage.
You recover from your berserk rage.
You hit the gnoll.
The gnoll is heavily wounded.
The gnoll closely misses you. x2
You closely miss the gnoll.
The gnoll is heavily wounded.
The gnoll hits you from afar with a +0 spear.
The gnoll hits you with a +0 club.
You barely miss the gnoll.
The gnoll is heavily wounded.
The gnoll hits you from afar with a +0 spear.
The gnoll closely misses you.
You sock the gnoll!
You kill the gnoll!
The gnoll hits you from afar with a +0 spear.
You hit the gnoll.
The gnoll is moderately wounded.
The gnoll hits you with a +0 whip.
* * * LOW HITPOINT WARNING * * *
The gnoll hits you but does no damage.
It was a potion of brilliance.
You feel clever all of a sudden. The gnoll completely misses you.
The gnoll hits you with a +0 whip.
* * * LOW HITPOINT WARNING * * *
The gnoll attacks as you move away! The gnoll hits you with a +0 whip.
You die...

############
...........########
.###.........).g@.#
.# ##..#######g##.#
.# #..# ... #.# .#
#..# ..... #.. .#
##.#....... #... .#
#.#....... #...# .#
#.#....... #...#
.#####.#.......
#...# .......#
#..##


You could see 2 gnolls.

Vanquished Creatures
  An adder (D:2)
  3 gnolls (D:3)
  2 dart slugs
  6 bats
  An endoplasm (D:1)
  3 giant cockroaches
  8 goblins
  3 hobgoblins (D:1)
  4 jackals (D:1)
  4 kobolds
  A quokka (D:1)
  4 ball pythons
  2 frilled lizards (D:1)
  A rat (D:2)
43 creatures vanquished.

Notes
Turn   | Place    | Note
-------+----------+-------------------------------------------
     0 | D:1      | Lolow the Gargoyle Monk began the quest for the Orb.
     0 | D:1      | Reached XP level 1. HP: 14/14 MP: 1/1
    74 | D:1      | Found a faded altar of an unknown god.
    99 | D:1      | Prayed at the altar of an unknown god.
    99 | D:1      | Became a worshipper of Zin the Law-Giver
    99 | D:1      | Reached * piety under Zin
    99 | D:1      | Reached ** piety under Zin
   112 | D:1      | Reached XP level 2. HP: 19/19 MP: 2/2
   369 | D:1      | Learned a level 1 spell: Magic Dart
   713 | D:1      | Reached XP level 3. HP: 24/24 MP: 0/3
   783 | D:1      | Reached skill level 4 in Fighting
   848 | D:1      | Donated 6 gold pieces to Zin
   921 | D:1      | Reached *** piety under Zin
  1480 | D:2      | Reached skill level 1 in Armour
  2608 | D:3      | Reached XP level 4. HP: 29/29 MP: 1/4
  2617 | D:3      | Learned a level 2 spell: Searing Ray
  2710 | D:3      | Slain by a gnoll

Illustrated notes

Levels and vault maps discovered:
D:1:      minmay_arrival_widening_spiral_wide, layout_basic,
          hellmonk_ecumenical_altar_dog_temple
D:2:      layout_loops_corners
D:3:      kennysheep_goblin_castle, layout_basic, minitemple, serial_shops,
          shop, gammafunk_ghost_stat_death, gup_sewer_entry_bubbles,
          minivault_25

Skill      XL: |  1  2  3 |
---------------+----------+-----
Fighting       | 4 |  4.3
Armour         | 1 |  1.5
Maces & Flails | |  3.5
Dodging        | |  2.6
Stealth        | |  2.4
Spellcasting   | |  0.3
Conjurations   | |  0.7

Action                   |  1- 3 |  4- 6 || total
-------------------------+-------+-------++-------
Melee: Mace              |   134 |    14 ||   148
Throw: Stone             |     2 |     3 ||     5
 Cast: Magic Dart        |    23 |       ||    23
       Searing Ray       |       |     2 ||     2
Invok: Donate Gold       |     1 |       ||     1
  Use: Potion            |     1 |     1 ||     2
       Scroll            |     2 |       ||     2
 Stab: Sleeping          |     1 |       ||     1
Armor: Robe              |     9 |       ||     9
       Leather armour    |    51 |     3 ||    54
Dodge: Dodged            |   124 |     9 ||   133

Table legend: (Time is in decaauts)
 A = Elapsed time spent in this place.
 B = Non-inter-level travel time spent in this place.
 C = Inter-level travel time spent in this place.
 D = Time resting spent in this place.
 E = Time spent auto-exploring this place.
 F = Levels seen in this place.
 G = Mean time per level.
                   A        B        C        D        E       F      G
               +--------+--------+--------+--------+--------+-----+--------+
         Total |   2749 |   2749 |      0 |    689 |   1276 |   3 |  916.3 |
       Dungeon |   2749 |   2749 |      0 |    689 |   1276 |   3 |  916.3 |
               +--------+--------+--------+--------+--------+-----+--------+

Top non-repeatable levels by time:
     D:1: 1400 daAuts
     D:2: 1164 daAuts
     D:3: 184 daAuts
